 Dungeon Crawl Stone Soup version 0.23.1-38-g628c18f (webtiles) character file.

Game seed: 13142053350172545952

66117 dvd the Peltast (level 14, -4/109 HPs)
             Began as a Minotaur Chaos Knight on Mar 28, 2019.
             Was a High Priest of Qazlal.
             Slain by an orc warlord
             ... wielding a +3 great mace of draining
              (23 damage)
             ... on level 1 of the Orcish Mines.
             The game lasted 01:01:06 (20522 turns).

dvd the Peltast (Minotaur Chaos Knight)            Turns: 20522, Time: 01:01:07

Health: -4/109     AC: 28    Str: 19 (20) XL:     14   Next: 78%
Magic:  17/17      EV:  9    Int:  6      God:    Qazlal [*****.]
Gold:   1378       SH: 20    Dex: 11 (12) Spells: 13/13 levels left

rFire    + . .     SeeInvis +   a - +7 morningstar "Gyujan" {crush, +Inv rElec rC+++ Int-3}
rCold    + + +     Gourm    .   i - +0 shield
rNeg     . . .     Faith    .   W - +0 chain mail "Mumaecvi" {+Inv MR++ Str+2 Slay+2}
rPois    .         Spirit   .   Q - +2 hat
rElec    +         Reflect  .   E - +0 cloak
rCorr    +         Harm     .   T - +0 pair of gloves
MR       +++..                  b - +2 pair of boots "Ylulobublu" {SInv}
Stlth    ..........             S - amulet of Duzxoeci {RegenMP Slay+3}
HPRegen  0.28/turn              N - ring of protection from fire
MPRegen  0.40/turn              V - ring of resist corrosion

@: protected from physical damage, heavily drained, repel missiles
A: retaliatory headbutt, horns 2, molten scales 1, yellow scales 1, blurry
vision 1, clumsy 1, deterioration 1, frail 1, sense surroundings 1, screaming 2,
electricity resistance
a: Upheaval, Elemental Force, Disaster Area, Renounce Religion, Evoke
Invisibility


You were on level 1 of the Orcish Mines.
You worshipped Qazlal.
Qazlal was extremely pleased with you.
You were very hungry.

You visited 4 branches of the dungeon, and saw 21 of its levels.
You also visited: Volcano.

You collected 2375 gold pieces.
You spent 997 gold pieces at shops.

Inventory:

Hand Weapons
 a - the +7 morningstar "Gyujan" (weapon) {crush, +Inv rElec rC+++ Int-3}
   (You bought it in a shop on level 7 of the Dungeon)

   It inflicts extra damage upon your enemies.
   It affects your intelligence (-3).
   It renders you almost immune to cold.
   It insulates you from electricity.
   It lets you turn invisible.
 j - a +0 hand axe of freezing
 m - a +0 demon blade of flaming
 q - a +3 mace of crushing
 K - a +3 spear of freezing
 L - the +10 demon blade of the Crawling Thing {venom, MR+++ Str-5 Int-2 SInv}
   (You found it on level 9 of the Dungeon)

   It poisons the flesh of those it strikes.
   It affects your strength (-5).
   It affects your intelligence (-2).
   It affects your resistance to hostile enchantments.
   It lets you see invisible.
Missiles
 s - 5 tomahawks (quivered)
 A - 3 poisoned tomahawks
Armour
 b - the +2 pair of boots "Ylulobublu" (worn) {SInv}
   (You acquired it on level 5 of the Lair of Beasts)

   It lets you see invisible.
 i - a +0 shield (worn)
 x - a +2 scale mail of cold resistance
 E - a +0 cloak (worn)
 J - +0 storm dragon scales
 Q - a +2 hat (worn)
 T - a +0 pair of gloves (worn)
 W - the +0 chain mail "Mumaecvi" (worn) {+Inv MR++ Str+2 Slay+2}
   (You took it off an orc on level 11 of the Dungeon)

   It affects your strength (+2).
   It affects your accuracy and damage with ranged weapons and melee attacks
   (+2).
   It affects your resistance to hostile enchantments.
   It lets you turn invisible.
Magical Staves
 F - an uncursed staff of poison
Jewellery
 d - an uncursed amulet of rage
 M - an uncursed ring of fire
 N - a ring of protection from fire (left hand)
 R - an uncursed ring of flight
 S - the amulet of Duzxoeci (around neck) {RegenMP Slay+3}
   (You took it off an orc knight on level 11 of the Dungeon)

   [amulet of magic regeneration]

   It increases your magic regeneration.
   It affects your accuracy and damage with ranged weapons and melee attacks
   (+3).
 V - a ring of resist corrosion (right hand)
Wands
 o - a wand of enslavement (5)
 y - a wand of random effects (55)
 z - a wand of digging (6)
 D - a wand of iceblast (15)
 U - a wand of flame (25)
 Y - a wand of polymorph (7)
Scrolls
 e - 7 scrolls of remove curse
 f - 12 scrolls of identify
 g - 3 scrolls of fear
 n - 3 scrolls of fog
 p - 9 scrolls of teleportation
 r - 3 scrolls of blinking
 u - a scroll of magic mapping
 B - 2 scrolls of enchant armour
 C - 5 scrolls of enchant weapon
Potions
 h - a potion of cancellation
 l - 4 potions of haste
 t - a potion of heal wounds
 v - a potion of flight
 w - 6 potions of curing
 G - a potion of invisibility
 H - a potion of agility
 I - 3 potions of ambrosia
 O - a potion of brilliance
 P - 2 potions of magic
Miscellaneous
 X - a lightning rod (4/4)
Comestibles
 c - 40 rations


   Skills:
 + Level 10.4(8.6) Fighting
 + Level 0.5(0.0) Long Blades
 + Level 4.7(9.1) Axes
 + Level 14.9(13.0) Maces & Flails
 + Level 1.8(0.4) Throwing
 * Level 14.0(12.0) Armour
 + Level 5.8(4.2) Dodging
 + Level 2.2(0.8) Stealth
 + Level 17.0(14.9) Shields
 * Level 6.6(4.9) Invocations
 + Level 2.2(0.7) Evocations


You had 13 spell levels left.
You didn't know any spells.
Your spell library contained the following spells:

 Spells                   Type           Power        Failure   Level  Hunger
 Beastly Appendage        Tmut           #.....       98%         1    ##.....
 Sandblast                Erth           #.....       98%         1    ##.....
 Passwall                 Tmut/Erth      #.......     99%         2    ###....
 Sticks to Snakes         Tmut           #.......     99%         2    ###....
 Spider Form              Tmut/Pois      #.........   100%        3    ####...
 Stone Arrow              Conj/Erth      #.....       100%        3    ####...
 Ice Form                 Ice/Tmut       #.......     100%        4    #####..
 Petrify                  Tmut/Erth      #.......     100%        4    #####..
 Blade Hands              Tmut           #.........   100%        5    ######.
 Irradiate                Conj/Tmut      #.........   100%        5    ######.
 Lee's Rapid Deconstruct  Erth           #.........   100%        5    ######.
 Hydra Form               Tmut           #.........   100%        6    #######
 Statue Form              Tmut/Erth      #........    100%        6    #######
 Dragon Form              Tmut           #.........   100%        7    #######


Dungeon Overview and Level Annotations

Branches:
Dungeon (12/15)            Temple (1/1) D:7            Lair (6/6) D:9
  Swamp (0/4) Lair:3       Spider (0/4) Lair:2        Slime (0/5) Lair:6
    Orc (2/2) D:11            Elf (0/3) Orc:2

Altars:
Ashenzari
Cheibriados
Dithmenos
Elyvilon
Fedhas
Gozag
Hepliaklqana
Kikubaaqudgha
Makhleb
Nemelex Xobeh
Okawaru
Qazlal
Ru
Sif Muna
Trog
Uskayaw
Vehumet
Wu Jian
Xom
Yredelemnul
Zin
The Shining One
Beogh

Shops:
D:5 %   D:7 *   Orc:1 %


Innate Abilities, Weirdness & Mutations

You reflexively headbutt those who attack you in melee.
You have a pair of horns on your head.
You are partially covered in molten scales. (AC +2)
You are partially covered in yellow scales. (AC +2)
Scrolls take you a little longer to read.
You are clumsy. (Dex -2)
Your body sometimes deteriorates upon taking damage.
You are frail. (-10% HP)
You passively map a small area around you.
You sometimes yell uncontrollably at your foes.
You are resistant to electric shocks. (rElec)


Message History

You puncture the orc knight!
You headbutt the orc knight, but do no damage.
The orc knight is almost dead.
You block the orc warlord's attack.
The orc knight hits you with a +2 battleaxe!!!
You feel protected from physical attacks.
You thump the orc knight!
You kill the orc knight!
Qazlal accepts your kill.
You feel your intelligence returning.
The orc warlord hits you with a +3 great mace of draining!
* * * LOW HITPOINT WARNING * * *
You feel more protected from physical attacks.
You feel drained.
* * * LOW HITPOINT WARNING * * *
Okay, then.
Unknown command.
The orc warlord hits you with a +3 great mace of draining!!
You die...
Xom roars with laughter!

#......#'#..## ##.
##...#.#.÷...## ### ##..
#....#####>...###.#### #.#.
#....#...#8[..##...#.## ######.
##...#...#.)...##.....#
###.####.
##..#._.')°..###....##
#.....###
####...#..○..#.#....###......##
#...#8...#o○....##.......###
#####..○)..@...###..........
##........§.....###[)##.....
#.......○#.#.#..)<[...##....
##.#.....#####.[.....####...
###....## ###.#[...#...[.
##.### ###...)#..... ###
#....)[...## ###......###
#......###


You could see an orc warlord.

Vanquished Creatures
  Jorgrun (Orc:1)
  Gastronok (D:9)
  A red draconian (Volcano)
  2 hydras
  3 catoblepae (Lair:6)
  A shambling mangrove (Lair:5)
  13 death yaks
  A two-headed ogre (D:10)
  3 orc high priests (Orc:2)
  A salamander mystic (Volcano)
  4 unseen horrors
  Pikel (D:6)
  5 orc knights
  5 orc sorcerers
  3 oklob plants
  4 salamanders (Volcano)
  3 manticores
  5 black mambas
  17 elephants
  A molten gargoyle (Volcano)
  7 spiny frogs
  2 rime drakes
  11 komodo dragons
  A troll (D:10)
  A queen bee (Lair:1)
  2 hornets
  A polar bear (Lair:3)
  A wandering mushroom (Lair:5)
  2 tyrant leeches (Lair:3)
  10 hippogriffs
  5 blink frogs (Lair:3)
  4 dream sheep (Lair:4)
  A redback (Lair:2)
  20 yaks
  6 fire bats (Volcano)
  4 hungry ghosts
  5 wargs
  A vampire mosquito (D:11)
  A swamp worm (Lair:3)
  A two-headed ogre zombie (D:11)
  12 water moccasins
  4 porcupines
  11 orc warriors
  2 slaves (D:6)
  2 sky beasts
  8 phantoms
  2 black bears
  5 ice beasts
  10 wolves
  9 centaurs
  8 ogres
  7 crocodiles
  A big kobold (D:11)
  14 bullfrogs
  3 wyvern zombies
  A scorpion (D:6)
  A troll zombie (D:11)
  29 killer bees
  8 wights
  4 howler monkeys
  4 electric eels (Lair:2)
  7 crimson imps
  5 lava snakes (Volcano)
  5 hounds
  Crazy Yiuf (D:7)
  A gnoll shaman (D:9)
  20 orc priests
  2 iguanas
  Terence (D:3)
  10 worker ants
  Natasha (twice) (D:2)
  19 orc wizards
  6 ogre zombies (D:11)
  2 hound zombies
  2 hound skeletons
  10 gnolls
  12 adders
  3 shadow imps
  2 adder zombies (D:6)
  2 adder skeletons (D:8)
  3 worms
  5 dart slugs
  8 leopard geckos
  62 orcs
  A ball python (D:5)
  7 giant cockroaches
  11 goblins
  8 hobgoblins
  15 jackals
  3 quokkas
  4 bats (D:1)
  5 frilled lizards
  A goblin skeleton (D:11)
  3 goblin zombies (D:11)
  2 hobgoblin zombies (D:11)
  A jackal zombie (D:6)
  6 kobolds
  A leopard gecko zombie (D:8)
  5 orc skeletons (D:11)
  14 orc zombies (D:11)
  A quokka skeleton (D:6)
  4 rats
  A fungus (Lair:4)
  5 plants
594 creatures vanquished.

Vanquished Creatures (collateral kills)
  An orc warrior (Orc:2)
  An orc priest (Orc:2)
  An orc (Orc:2)
3 creatures vanquished.

Vanquished Creatures (others)
  A salamander (Volcano)
  An orc wizard (Orc:2)
  8 fungi
  20 plants
30 creatures vanquished.

Grand Total: 627 creatures vanquished

Notes
Turn   | Place    | Note
-------+----------+-------------------------------------------
     0 | D:1      | dvd the Minotaur Chaos Knight began the quest for the Orb.
     0 | D:1      | Reached XP level 1. HP: 19/19 MP: 0/0
     0 | D:1      | Fell from the grace of Xom
   171 | D:1      | Reached XP level 2. HP: 21/27 MP: 1/1
   372 | D:1      | Reached XP level 3. HP: 26/33 MP: 2/2
   694 | D:2      | Noticed Natasha
   698 | D:2      | Reached skill level 1 in Maces & Flails
   698 | D:2      | Reached XP level 4. HP: 37/41 MP: 3/3
   703 | D:2      | Killed Natasha
   703 | D:2      | Reached skill level 1 in Shields
   893 | D:2      | XOM: medium Hex miscast
  1371 | D:2      | Noticed Natasha
  1376 | D:2      | Killed Natasha
  1376 | D:2      | Reached XP level 5. HP: 47/47 MP: 4/4
  1498 | D:3      | Noticed Terence
  1508 | D:3      | Killed Terence
  1565 | D:3      | Found a stormy altar of Qazlal.
  1703 | D:3      | Became a worshipper of Qazlal Stormbringer
  1747 | D:3      | XOM: chaos upgrade
  1769 | D:3      | Reached skill level 2 in Shields
  1906 | D:3      | Found a snail-covered altar of Cheibriados.
  1966 | D:3      | XOM: god gift: gnarled runed staff {god gift}
  1973 | D:4      | XOM: noise
  2062 | D:4      | Reached XP level 6. HP: 10/55 MP: 5/5
  2068 | D:3      | Gained mutation: You occasionally shout uncontrollably at
                  | your foes. [potion of mutation]
  2068 | D:3      | Gained mutation: You have large cloven feet. [potion of
                  | mutation]
  2068 | D:3      | Gained mutation: You are partially covered in molten
                  | scales. (AC +2) [potion of mutation]
  2068 | D:3      | Gained mutation: Your mind is acute. (Int +2) [potion of
                  | mutation]
  2070 | D:3      | HP: 2/55 [poisoned by a worker ant]
  2294 | D:4      | Reached * piety under Qazlal
  2294 | D:4      | Reached skill level 5 in Fighting
  2322 | D:4      | Reached skill level 3 in Shields
  2545 | D:4      | Found a shimmering altar of Xom.
  2604 | D:4      | Reached skill level 5 in Armour
  2604 | D:4      | Reached XP level 7. HP: 61/61 MP: 6/6
  2842 | D:5      | Entered Level 5 of the Dungeon
  2871 | D:5      | XOM: mild Chrm miscast
  2932 | D:5      | Reached skill level 4 in Shields
  3058 | D:5      | Found a shimmering altar of Xom.
  3064 | D:5      | Reached ** piety under Qazlal
  3064 | D:5      | Reached skill level 5 in Shields
  3287 | D:5      | XOM: medium Air miscast
  3641 | D:5      | Found Sogedwis's Food Boutique.
  3723 | D:6      | XOM: give mutations
  3723 | D:6      | Gained mutation: You are resistant to electric shocks.
                  | (rElec) [Xom's grace]
  3723 | D:6      | Gained mutation: Your muscles are strong. (Str +2) [Xom's
                  | grace]
  3723 | D:6      | Gained mutation: You have a pair of large horns on your
                  | head. [Xom's grace]
  3774 | D:6      | Reached skill level 5 in Maces & Flails
  3774 | D:6      | Reached XP level 8. HP: 68/68 MP: 7/7
  3849 | D:6      | Reached skill level 6 in Shields
  4187 | D:6      | Reached skill level 7 in Shields
  4303 | D:6      | Found a glowing silver altar of Zin.
  4405 | D:6      | XOM: summons 5 hostile demons
  4574 | D:7      | Found a shadowy altar of Dithmenos.
  4602 | D:7      | Reached *** piety under Qazlal
  4717 | D:7      | Noticed Pikel
  4795 | D:6      | Killed Pikel
  4795 | D:6      | Reached skill level 8 in Shields
  4795 | D:6      | Reached XP level 9. HP: 60/75 MP: 8/8
  4812 | D:6      | XOM: give mutations
  4812 | D:6      | Gained mutation: Armour fits poorly on your strangely
                  | shaped body. [Xom's mischief]
  4812 | D:6      | Lost mutation: Your muscles are strong. (Str +2) [Xom's
                  | mischief]
  4812 | D:6      | Gained mutation: Scrolls take you a little longer to read.
                  | [Xom's mischief]
  4812 | D:6      | Gained mutation: You sometimes yell uncontrollably at your
                  | foes. [Xom's mischief]
  5043 | D:7      | Found an ornate altar of the Wu Jian Council.
  5044 | D:7      | Found Kuhysuar's General Store.
  5139 | D:7      | Found a staircase to the Ecumenical Temple.
  5152 | Temple   | Entered the Ecumenical Temple
  5291 | Temple   | XOM: give mutation
  5291 | Temple   | Lost mutation: Scrolls take you a little longer to read.
                  | [Xom's mischief]
  5528 | D:7      | XOM: noise
  5618 | D:7      | XOM: give mutations
  5618 | D:7      | Gained mutation: Scrolls take you a little longer to read.
                  | [Xom's mischief]
  5618 | D:7      | Gained mutation: You frequently scream uncontrollably at
                  | your foes. [Xom's mischief]
  5618 | D:7      | Lost mutation: Scrolls take you a little longer to read.
                  | [Xom's mischief]
  5618 | D:7      | Gained mutation: You are clumsy. (Dex -2) [Xom's mischief]
  5641 | D:7      | Found a glowing golden altar of the Shining One.
  5774 | D:7      | XOM: mild Air miscast
  5803 | D:7      | XOM: mild Erth miscast
  5826 | D:7      | Found a runed translucent door.
  5827 | D:7      | Noticed Crazy Yiuf
  5833 | D:7      | Killed Crazy Yiuf
  6147 | D:8      | XOM: scenery: 2 doors open
  6162 | D:8      | Reached skill level 9 in Shields
  6293 | D:8      | XOM: noise
  6446 | D:8      | Found a shattered altar of Ashenzari.
  6702 | D:8      | Found an ancient bone altar of Kikubaaqudgha.
  6706 | D:8      | Found a sparkling altar of Nemelex Xobeh.
  6756 | D:8      | Found a hazy altar of Hepliaklqana.
  6886 | D:9      | Got a scorched demon blade
  6887 | D:9      | Identified the +10 demon blade of the Crawling Thing
                  | {venom, MR+++ Str-5 Int-2 SInv} (You found it on level 9 of
                  | the Dungeon)
  7052 | D:9      | Noticed Gastronok
  7204 | D:8      | XOM: noise
  7299 | D:8      | XOM: mild Conj miscast
  7339 | D:9      | Killed Gastronok
  7339 | D:9      | Reached skill level 1 in Stealth
  7339 | D:9      | Reached skill level 10 in Shields
  7339 | D:9      | Reached XP level 10. HP: 84/84 MP: 9/9
  7484 | D:9      | Reached **** piety under Qazlal
  7596 | D:9      | XOM: silly message
  7609 | D:9      | Reached skill level 11 in Shields
  7638 | D:9      | Found a staircase to the Lair.
  7746 | D:9      | Found a hide-covered altar of Uskayaw.
  7878 | D:10     | Entered Level 10 of the Dungeon
  7893 | D:10     | Noticed a two-headed ogre
  7901 | D:10     | Killed a two-headed ogre
  8021 | D:10     | XOM: cloud trail
  8021 | D:10     | Was forgiven by Xom
  8122 | D:10     | Lost mutation: Your mind is acute. (Int +2) [potion of
                  | mutation]
  8122 | D:10     | Lost mutation: You are resistant to electric shocks.
                  | (rElec) [potion of mutation]
  8122 | D:10     | Gained mutation: You are frail. (-10% HP) [potion of
                  | mutation]
  8122 | D:10     | Gained mutation: You can translocate small distances at
                  | will. [potion of mutation]
  8123 | D:10     | Lost mutation: Armour fits poorly on your strangely shaped
                  | body. [potion of mutation]
  8123 | D:10     | Lost mutation: You have large cloven feet. [potion of
                  | mutation]
  8123 | D:10     | Lost mutation: You have a pair of large horns on your head.
                  | [potion of mutation]
  8123 | D:10     | Lost mutation: You frequently scream uncontrollably at your
                  | foes. [potion of mutation]
  8123 | D:10     | Gained mutation: You are resistant to electric shocks.
                  | (rElec) [potion of mutation]
  8123 | D:10     | Gained mutation: Your body sometimes deteriorates upon
                  | taking damage. [potion of mutation]
  8123 | D:10     | Gained mutation: You passively map a small area around you.
                  | [potion of mutation]
  8124 | D:10     | Lost mutation: You sometimes yell uncontrollably at your
                  | foes. [potion of mutation]
  8124 | D:10     | Lost mutation: You can translocate small distances at will.
                  | [potion of mutation]
  8124 | D:10     | Gained mutation: Scrolls take you a little longer to read.
                  | [potion of mutation]
  8124 | D:10     | Gained mutation: You sometimes yell uncontrollably at your
                  | foes. [potion of mutation]
  8124 | D:10     | Gained mutation: You are partially covered in yellow
                  | scales. (AC +2) [potion of mutation]
  8228 | D:10     | Reached skill level 12 in Shields
  8229 | D:10     | You fall through a shaft for 2 floors!
  8313 | D:12     | Reached skill level 10 in Maces & Flails
  8313 | D:12     | Reached XP level 11. HP: 72/82 MP: 10/10
  8321 | D:12     | Killed an unseen horror
  8413 | D:11     | Noticed an unseen horror
  8425 | D:11     | Killed an unseen horror
  8781 | D:10     | Killed an unseen horror
  8935 | D:10     | Reached skill level 13 in Shields
  9023 | D:11     | Reached ***** piety under Qazlal
  9186 | D:11     | Found a staircase to the Orcish Mines.
  9418 | D:11     | Identified the amulet of Duzxoeci {RegenMP Slay+3}
  9418 | D:11     | Noticed an orc knight
  9442 | D:11     | Killed an orc knight
  9442 | D:11     | Reached skill level 10 in Armour
  9485 | D:11     | Noticed an unseen horror
  9495 | D:11     | Killed an unseen horror
  9830 | D:11     | Identified the +0 chain mail "Mumaecvi" {+Inv MR++ Str+2
                  | Slay+2}
 10296 | Lair:1   | Entered Level 1 of the Lair of Beasts
 10296 | Lair:1   | Noticed an oklob plant
 10304 | Lair:1   | Killed an oklob plant
 10304 | Lair:1   | Reached skill level 5 in Dodging
 10650 | Lair:1   | Reached skill level 14 in Shields
 10767 | Lair:1   | Reached XP level 12. HP: 70/92 MP: 7/11
 12574 | Lair:2   | Found a hole to the Spider Nest.
 12858 | Lair:3   | Reached skill level 15 in Shields
 12862 | Lair:3   | Reached skill level 1 in Evocations
 12917 | Lair:3   | Found a dark tunnel.
 12929 | Volcano  | Entered a volcano
 13018 | Volcano  | Found a burning altar of Makhleb.
 13027 | Volcano  | Noticed a red draconian
 13040 | Volcano  | Killed a red draconian
 13392 | D:7      | Bought the +7 morningstar "Gyujan" {crush, +Inv rElec rC+++
                  | Int-3} for 997 gold pieces
 13691 | Lair:3   | Reached XP level 13. HP: 99/99 MP: 13/13
 14140 | Lair:3   | Found a staircase to the Swamp.
 14228 | Lair:4   | Reached ****** piety under Qazlal
 15038 | Lair:4   | Reached skill level 1 in Invocations
 15121 | Lair:5   | Reached skill level 16 in Shields
 16292 | Lair:5   | Got a warped battleaxe
 16295 | Lair:5   | Identified the cursed +1 battleaxe "Zicurig" {chop, MR+
                  | Int+3} (You found it on level 5 of the Lair of Beasts)
 16307 | Lair:5   | Identified a scroll of acquirement
 16307 | Lair:5   | Got a pair of pitted boots
 16313 | Lair:5   | Identified the +2 pair of boots "Ylulobublu" {SInv} (You
                  | acquired it on level 5 of the Lair of Beasts)
 16328 | Lair:6   | Entered Level 6 of the Lair of Beasts
 16387 | Lair:5   | Reached skill level 1 in Throwing
 16699 | Lair:6   | Reached XP level 14. HP: 98/107 MP: 16/16
 16981 | Lair:6   | Reached skill level 5 in Invocations
 17128 | Lair:6   | Found a burning altar of Makhleb.
 17281 | Lair:6   | Reached skill level 10 in Fighting
 17812 | Lair:6   | Found a staircase to the Slime Pits.
 18270 | Orc:1    | Entered Level 1 of the Orcish Mines
 18757 | Orc:1    | Noticed Jorgrun
 18773 | Orc:1    | HP: 5/108 [Jorgrun/+0 quarterstaff of crushing (3)]
 18775 | Orc:1    | Killed Jorgrun
 19338 | Orc:1    | Found a roughly hewn altar of Beogh.
 19382 | Orc:1    | Found Rorphuih's Food Emporium.
 19477 | Orc:2    | Entered Level 2 of the Orcish Mines
 19868 | Orc:2    | Reached skill level 17 in Shields
 20012 | Orc:2    | Found a staircase to the Elven Halls.
 20155 | Orc:2    | Noticed an orc warlord
 20522 | Orc:1    | Slain by an orc warlord

Skill      XL: |  1  2  3  4  5  6  7  8  9 10 11 12 13 14 |
---------------+-------------------------------------------+-----
Fighting       | 4 5 6 7 8 9 10 | 10.4
Axes           | 4 |  4.7
Armour         | 3 4 5 7 8 9 10 12 13 14 | 14.0
Maces & Flails | 1 3 5 7 9 10 11 12 13 14 | 14.9
Shields        | 1 2 3 5 8 10 12 14 15 16 17 | 17.0
Dodging        | 2 3 4 5 |  5.8
Stealth        | 1 2 |  2.2
Evocations     | 1 2 |  2.2
Invocations    | 4 6 |  6.6
Throwing       | 1 |  1.8
Long Blades    | |  0.5

Action                   |  1- 3 |  4- 6 |  7- 9 | 10-12 | 13-15 || total
-------------------------+-------+-------+-------+-------+-------++-------
Melee: Hand axe          |    17 |       |       |       |       ||    17
       Headbutt          |    12 |    30 |    51 |   147 |   121 ||   361
       Mace              |    56 |   139 |   292 |   733 |       ||  1220
       Kick              |       |    13 |    69 |    25 |       ||   107
       Demon blade       |       |       |       |     8 |       ||     8
       Morningstar       |       |       |       |    10 |   537 ||   547
Throw: Tomahawk          |       |       |     2 |     6 |    28 ||    36
Invok: Renounce Religion |     1 |       |       |       |       ||     1
       Upheaval          |       |       |       |     3 |    13 ||    16
       Elemental Force   |       |       |       |       |     1 ||     1
Evoke: Wand              |       |       |       |    17 |    11 ||    28
  Use: Potion            |       |     5 |     1 |    15 |     1 ||    22
       Scroll            |       |       |    13 |     7 |     3 ||    23
 Stab: Invisible         |       |       |       |     3 |       ||     3
       Paralysed         |       |       |       |       |     1 ||     1
       Petrifying        |       |       |       |       |     1 ||     1
  Eat: Chunk             |       |     6 |    15 |    28 |    20 ||    69
Armor: Leather armour    |    17 |       |       |       |       ||    17
       Chain mail        |    20 |    11 |       |    90 |   153 ||   274
       Scale mail        |       |    65 |   107 |   124 |       ||   296
Dodge: Dodged            |    29 |    36 |    89 |   151 |   108 ||   413
       Deflected         |       |       |       |     4 |     7 ||    11
Block: Shield            |    17 |    74 |   214 |   632 |   508 ||  1445
